Map: [ESL] Hecate

Players

Elazer - Winner!

  • Race: Zerg Zerg
  • Spawn Location: 1:00

Lambo

  • Race: Zerg Zerg
  • Spawn Location: 7:00

Event: ESL SC2 Masters 2023 Winter (Regional)

VOD

Have the link to the VOD?

Description

Time

  • Played on: Nov. 9, 2023, 9:34 a.m.
  • Length: 13:41

All games in this series

Show
View Real Time Build Order
Export as new Build Order

Elazer Zerg - Winner!

Build Orders: Hatch First 

Get SALT Encoding   

  12  0:00  Drone  
  13  0:12  Overlord  
  13  0:17  Drone  
  14  0:30  Drone x2  
  16  0:48  Hatchery  
  15  0:51  Drone  
  15  0:54  Drone  
  17  0:58  Drone  
  18  1:08  Extractor  
  17  1:13  Spawning Pool  
  17  1:16  Drone  
  17  1:19  Drone  
  18  1:27  Drone  
  19  1:38  Drone  
  20  1:49  Drone  
  21  1:59  Queen x2  
  21  2:00  Zergling x2  
  26  2:02  Overlord  
  26  2:10  Metabolic Boost  
  26  2:12  Drone x2  
  28  2:21  Drone x2  
  30  2:33  Drone  
  30  2:35  Hatchery  
  30  2:42  Drone  
  30  2:43  Overlord  
  31  2:49  Baneling Nest  
  30  2:51  Drone  
  31  3:00  Drone x2  
  33  3:06  Drone  
  33  3:07  Drone  
  33  3:08  Overlord  
  33  3:09  Drone  
  33  3:11  Zergling x4  
  33  3:12  Zergling x2  
  39  3:15  Zergling x2  
  40  3:20  Zergling x4  
  42  3:30  Extractor, Roach Warren  
  40  3:36  Drone x2  
  40  3:40  Drone x4  
  40  3:41  Drone  
  47  3:44  Overlord  
  46  3:51  Overlord  
  46  3:54  Overlord  
  46  4:05  Overlord  
  46  4:10  Roach x3  
  46  4:13  Roach  
  58  4:18  Roach  
  58  4:25  Roach x2  
  58  4:30  Roach x3  
  64  4:35  Roach  
  66  4:43  Roach x5  
  76  4:50  Roach x2  
  80  4:59  Drone  
  76  5:00  Roach x2  
  78  5:11  Overlord  
  78  5:13  Hatchery  
  77  5:17  Lair  
  77  5:21  Drone x2  
  79  5:25  Drone  
  79  5:27  Drone x2  
  82  5:38  Drone x4  
  86  5:45  Extractor x2, Drone x4  
  88  5:53  Drone  
  88  5:55  Queen  
  91  5:57  Drone  
  91  6:01  Evolution Chamber  
  90  6:06  Drone x2  
  90  6:10  Overlord  
  92  6:15  Overlord  
  92  6:16  Overlord  
  92  6:19  Glial Reconstitution  
  92  6:27  Drone x6  
  92  6:31  Drone  
  92  6:32  Drone x3  
  102  6:33  Zerg Missile Weapons Level 1  
  102  6:36  Pneumatized Carapace, Overlord  
  102  6:38  Drone x3  
  102  6:39  Overseer  
  105  6:45  Overlord  
  105  6:46  Roach  
  107  6:49  Extractor  
  106  6:56  Roach x3  
  106  6:58  Roach  
  114  7:02  Roach  
  114  7:03  Overlord  
  114  7:04  Roach x3  
  114  7:08  Roach x3  
  128  7:11  Extractor, Drone  
  128  7:12  Drone x2  
  128  7:13  Drone  
  131  7:20  Drone x2  
  131  7:21  Overlord  
  133  7:28  Roach  
  135  7:32  Roach x4  
  143  7:37  Roach  
  143  7:38  Overlord  
  143  7:39  Hatchery  
  144  7:47  Overlord x2  
  146  7:51  Roach x5  
  146  7:57  Overlord  
  154  7:59  Roach x2  
  158  8:07  Roach x2  
  158  8:08  Ravager x4  
  158  8:09  Overlord, Ravager  
  158  8:10  Tunneling Claws  
  158  8:11  Burrow  
  158  8:12  Roach  
  169  8:15  Drone  
  169  8:16  Spore Crawler  
  169  8:17  Roach  
  169  8:19  Roach  
  173  8:22  Roach x2  
  177  8:27  Roach  
  177  8:28  Roach x2  
  177  8:31  Roach  
  177  8:32  Roach  
  187  8:40  Roach x3  
  174  8:56  Roach x10  
  174  9:02  Roach x4  
  170  9:07  Roach x2  
  164  9:10  Zerg Missile Weapons Level 2  
  164  9:13  Roach x2  
  166  9:21  Roach x3  
  170  9:31  Roach x6  
  182  9:38  Drone  
  182  9:40  Roach x7  
  182  9:41  Ravager x2  
  182  9:44  Ravager  
  182  9:45  Roach x2  
  200  9:48  Roach x16  
  200  9:49  Roach x3  
  200  9:53  Spine Crawler  
  200  9:55  Spine Crawler  
  198  10:14  Infestation Pit  
  194  10:24  Roach  
  194  10:25  Roach x3  
  194  10:28  Hydralisk Den  
  195  10:54  Roach x4  
  195  10:56  Ravager  
  200  10:58  Grooved Spines  
  181  11:05  Roach x10  
  176  11:20  Roach x5  
  176  11:21  Roach x14  
  176  11:22  Queen x2, Roach x13  
  178  11:31  Roach x5  
  186  11:35  Roach x3  
  186  11:39  Roach  
  194  11:44  Roach x3  
  191  12:08  Roach  
  191  12:09  Roach x4  
  191  12:53  Overlord  
  191  12:54  Ravager  
  192  13:00  Roach x6  
  189  13:13  Roach x5  
  189  13:14  Roach  
Show
View Real Time Build Order
Export as new Build Order

Lambo Zerg 

Build Orders: Hatch First 

Get SALT Encoding   

  12  0:00  Drone  
  13  0:12  Overlord  
  13  0:18  Drone  
  14  0:30  Drone x2  
  16  0:47  Hatchery  
  15  0:50  Drone  
  15  0:54  Drone  
  17  0:57  Drone  
  18  1:09  Extractor  
  17  1:12  Spawning Pool  
  17  1:16  Drone  
  17  1:19  Drone  
  18  1:28  Drone  
  19  1:38  Drone  
  20  1:49  Drone  
  21  1:59  Queen x2  
  21  2:00  Zergling x2, Overlord  
  26  2:09  Metabolic Boost  
  26  2:10  Drone  
  26  2:11  Drone  
  28  2:20  Drone  
  28  2:22  Zergling x2  
  30  2:31  Drone  
  30  2:32  Drone  
  32  2:38  Hatchery  
  32  2:42  Drone  
  32  2:43  Drone  
  33  2:48  Baneling Nest  
  32  2:57  Roach Warren  
  31  3:00  Drone  
  31  3:03  Overlord  
  32  3:07  Zergling x4  
  32  3:12  Zergling x2  
  35  3:13  Zergling x2  
  35  3:17  Overlord  
  36  3:32  Baneling  
  36  3:38  Roach x2  
  36  3:39  Roach x3  
  46  3:42  Roach x2  
  50  3:51  Roach  
  50  3:54  Zergling x8  
  55  4:02  Zergling x4  
  57  4:03  Baneling  
  57  4:07  Overlord  
  57  4:11  Baneling  
  57  4:21  Drone  
  58  4:27  Drone x7  
  58  4:30  Drone  
  65  4:35  Overlord  
  65  4:41  Drone  
  65  4:44  Overlord  
  65  4:48  Drone  
  64  4:53  Queen  
  64  4:57  Drone x3  
  64  4:58  Drone  
  69  5:03  Drone x3, Roach x2  
  69  5:06  Extractor  
  72  5:07  Drone x2  
  72  5:10  Drone, Extractor  
  75  5:15  Drone x2  
  75  5:19  Drone  
  75  5:20  Evolution Chamber  
  75  5:21  Overlord  
  77  5:24  Overlord  
  77  5:27  Lair  
  77  5:30  Drone  
  77  5:31  Roach  
  77  5:32  Roach  
  77  5:35  Overlord  
  82  5:41  Extractor  
  82  5:42  Overlord  
  81  5:43  Drone x5  
  81  5:49  Extractor  
  85  5:51  Drone x2  
  85  5:56  Drone  
  88  5:58  Drone  
  88  6:01  Zerg Missile Weapons Level 1  
  88  6:03  Drone x2  
  91  6:06  Roach  
  92  6:14  Roach x2  
  97  6:18  Drone x3  
  97  6:21  Extractor, Roach x3  
  97  6:25  Drone  
  104  6:28  Drone x2  
  104  6:31  Glial Reconstitution  
  106  6:33  Roach x2  
  106  6:34  Overlord  
  106  6:36  Overlord  
  106  6:39  Extractor, Roach x2  
  113  6:40  Overlord  
  113  6:41  Overlord  
  113  6:43  Overlord x2  
  112  6:47  Overlord  
  112  6:48  Overlord  
  112  6:49  Overlord  
  112  6:52  Overlord  
  112  6:59  Roach x4  
  120  7:02  Overseer  
  120  7:03  Drone x3  
  120  7:07  Drone  
  124  7:10  Drone  
  124  7:13  Drone  
  126  7:17  Roach x5  
  126  7:18  Ravager x2  
  126  7:22  Roach x2  
  142  7:25  Overlord, Hatchery  
  142  7:28  Pneumatized Carapace  
  141  7:32  Overlord  
  141  7:34  Roach x3  
  147  7:40  Overlord  
  147  7:42  Roach x4  
  155  7:46  Ravager x2  
  155  7:48  Evolution Chamber  
  155  7:50  Roach x3  
  162  7:52  Baneling x3  
  162  7:53  Baneling  
  162  7:59  Roach  
  162  8:00  Roach x3  
  162  8:04  Roach x2  
  174  8:15  Zerg Missile Weapons Level 2  
  174  8:18  Roach x4  
  174  8:19  Roach  
  184  8:25  Roach x3  
  190  8:29  Roach x3  
  196  8:42  Roach  
  192  8:51  Roach x2  
  180  8:55  Roach  
  180  8:56  Roach x8  
  180  8:59  Roach x4  
  170  9:05  Roach x7  
  170  9:09  Roach  
  166  9:14  Roach x2  
  166  9:17  Roach  
  169  9:18  Roach  
  169  9:21  Zerg Ground Armor Level 1  
  171  9:26  Roach x3  
  171  9:28  Roach  
  179  9:39  Ravager  
  179  9:41  Ravager  
  179  9:42  Roach x4  
  189  9:55  Roach x5  
  189  9:59  Overseer  
  199  10:01  Spine Crawler  
  199  10:02  Spine Crawler x2  
  199  10:06  Overseer x3  
  196  10:08  Roach x2  
  198  10:14  Roach x4  
  190  10:23  Roach x4  
  190  10:24  Spore Crawler  
  197  10:30  Roach  
  197  10:31  Extractor  
  197  10:33  Extractor  
  197  10:39  Roach, Hatchery  
  198  10:48  Roach  
  191  10:53  Roach x8  
  198  11:04  Roach x4  
  192  11:13  Roach  
  192  11:18  Roach x2  
  190  11:22  Roach  
  164  11:27  Roach x2  
  164  11:35  Roach  
  164  11:36  Ravager  
  164  11:37  Ravager  
  164  11:39  Roach x2  
  172  11:40  Ravager  
  172  11:43  Roach  
  172  11:45  Queen  
  172  11:47  Queen  
  177  11:48  Ravager  
  177  11:50  Roach  
  182  12:00  Roach x4  
  190  12:03  Roach x3  
  190  12:07  Roach  
  190  12:10  Ravager  
  190  12:11  Roach  
  190  12:15  Roach x2  
  197  12:24  Roach  
  199  12:39  Ravager  
  200  12:50  Roach x4  
  200  12:54  Roach  
  197  13:01  Roach x5  
  195  13:10  Roach x8  
  199  13:14  Roach  
  191  13:22  Roach x2  
Tags
 
Add a new tag
Caveats
  • Supply blocks, unpowered buildings, or Contaminate may cause inaccurate times.
  • Supply counts are checked every 10 seconds.